AoeStats
← nanakusa

MegaRandom

507161033Analyzed
4v4 RM · 16d ago on Sep 16, 2026· 42m 19s· 8 players
Game mode
Random Map
Map size
Large (8 player)
Population
200
Speed
Normal
Resources
Standard
Victory
Conquest
Starting age
Dark Age
Ending age
Imperial Age
RankedLock teamsTeams togetherTeam positionsShared explorationLock speedFull tech treeHidden civsTurbo modeCheats
Victory
Defeat
🇦🇷 Japanese · Argentina
1630
+13
🇦🇷 Wu · Argentina
1586
+14
🇲🇽 Byzantines · Mexico
1536
+16
🇦🇷 Georgians · Argentina
1501
+17
🇨🇦 Celts · Canada
1622
-18
🇯🇵 Bulgarians · Japan
1528
-14
1524
-14
🇨🇦 Tatars · Canada
1515
-14
PeRe$ | Guilled
0:34 Loom
9:01 Feudal Age
10:55 Double-Bit Axe
16:13 Bloodlines
18:00 Scale Barding Armor
19:53 Wheelbarrow
20:34 Forging
24:10 Castle Age
23:02 Gold Mining
24:25 Light Cavalry
25:08 Husbandry
27:30 Chain Barding Armor
30:28 Horse Collar
33:25 Bow Saw
36:14 Heavy Plow
43:41 Imperial Age
BTJ | fakin pons
0:28 Loom
8:43 Feudal Age
9:23 Double-Bit Axe
12:25 Horse Collar
13:01 Forging
15:18 Scale Barding Armor
21:48 Castle Age
20:50 Gold Mining
21:54 Light Cavalry
31:30 Wheelbarrow
35:51 Hand Cart
42:21 Imperial Age
42:03 Husbandry
42:28 Chain Barding Armor
BTJ | Leoqueen
0:27 Loom
8:51 Feudal Age
9:33 Double-Bit Axe
14:06 Fletching
14:44 Fishing Lines
20:04 Castle Age
24:36 Castle Age
26:24 Bow Saw
26:10 Horse Collar
27:48 Heavy Plow
33:38 Wheelbarrow
33:51 Gold Mining
35:52 Hand Cart
39:13 Imperial Age
36:53 Bodkin Arrow
36:56 Stone Mining
37:13 Padded Archer Armor
38:34 Gold Shaft Mining
38:29 Medium Warships
38:36 Clinker Construction
38:37 Careening
39:25 Leather Archer Armor
40:23 Heavy Warships
39:59 Bracer
41:05 Chemistry
40:57 Conscription
41:24 Elite Cannon Galleon
✝ CONSTANTINO XI ✝
0:29 Loom
8:45 Feudal Age
9:07 Man-at-Arms
9:54 Double-Bit Axe
14:08 Fletching
14:59 Forging
21:50 Castle Age
20:27 Scale Mail Armor
20:42 Stone Mining
22:24 Padded Archer Armor
22:32 Long Swordsman
24:05 Wheelbarrow
24:25 Bodkin Arrow
27:57 Red Cliffs Tactics
35:55 Horse Collar
44:35 Imperial Age
ノルフ
0:29 Loom
9:49 Feudal Age
13:48 Castle Age
12:57 Double-Bit Axe
13:06 Gold Mining
13:45 Horse Collar
26:45 Scale Mail Armor
29:47 Padded Archer Armor
30:11 Chain Mail Armor
30:20 Bow Saw
31:43 Forging
33:02 Pikeman
35:00 Heavy Plow
36:36 Fletching
38:20 Man-at-Arms
42:59 Iron Casting
Mycorrhizal
0:28 Loom
9:19 Feudal Age
13:28 Scale Barding Armor
13:52 Bloodlines
14:02 Forging
30:17 Double-Bit Axe
33:21 Castle Age
33:21 Wheelbarrow
35:02 Chain Barding Armor
34:06 Elite Skirmisher
34:39 Fletching
35:28 Padded Archer Armor
36:37 Leather Archer Armor
36:27 Bodkin Arrow
QNA | Apachai Hopachai
0:28 Loom
8:37 Feudal Age
9:26 Double-Bit Axe
9:33 Horse Collar
19:43 Fletching
25:34 Castle Age
28:49 Husbandry
29:00 Bloodlines
37:07 Scale Barding Armor
nanakusa
0:31 Loom
10:33 Feudal Age
11:56 Wheelbarrow
15:18 Castle Age
13:50 Double-Bit Axe
16:17 Medium Warships
19:23 Fishing Lines
21:53 Gillnets
25:03 Horse Collar
26:52 Town Watch
27:51 Fletching
33:21 Stone Mining
33:08 Pikeman
33:49 Scale Mail Armor
34:01 Forging
41:55 Imperial Age
40:47 Scale Barding Armor
41:17 Iron Casting
41:19 Hand Cart
Connection lost

Rejoining the realm…

Still unreachable

The connection could not be restored.

Session expired

The server has moved on; the page needs a fresh start.